Celery, chaotic female sylph Rogue ----------- |.........| +......<... |.........| --------.-- ----------- ########## ------------- ..`.......| # |`.....o...`| |.........| # ##|..oq.`......##########..........| # #...E--.--...| # |.........| # #|...|.{.|...| ..........| -------.- #...`|{.{|`..| |.........| |........######|...|.{.|...| ----------- |.......| # |...-----...| |.......+#### |.....`.....| |.......| |`.........`| |.......| ------------- --------- Celery the Rogue Experience level: 8 Strength: 14 Dexterity: 17 Constitution: 13 Intelligence: 11 Wisdom: 10 Charisma: 10 Health: 0(61) Energy: 37(37) Def: 0 Gold: 1322 Moves: 4144 Dungeon seed: lf7H9Sd8b6mx5RSj Game ID: Celery_1469719889 Your Inventory: Coins $ - 1322 gold pieces Weapons t - 8 uncursed +0 daggers (in quiver) w - an uncursed +0 elven dagger (weapon in hand) O - an uncursed +0 dagger Armor e - an uncursed +0 pair of kicking boots q - an uncursed +0 dwarvish cloak (being worn) r - a cursed -3 pair of elven boots Comestibles C - an uncursed food ration G - an uncursed cream pie Scrolls p - an uncursed scroll of confuse monster Potions l - a cursed potion of sickness m - an uncursed potion of gain level o - an uncursed potion of healing Rings k - an uncursed ring of regeneration D - an uncursed ring of levitation Wands h - an uncursed wand of opening (0:3) j - an uncursed wand of make invisible (0:4) H - an uncursed wand of fire (0:3) Tools d - an uncursed lock pick f - an uncursed sack g - an uncursed blindfold T - an uncursed magic marker (0:44) U - an uncursed towel Gems n - 2 uncursed worthless pieces of yellowish brown glass N - an uncursed worthless piece of white glass Y - an uncursed worthless piece of blue glass Contents of the sack: an uncursed scroll of destroy armor a cursed scroll of destroy armor an uncursed scroll of enchant armor an uncursed scroll of enchant weapon an uncursed scroll of genocide an uncursed scroll of light an uncursed scroll of remove curse a cursed scroll of remove curse 4 uncursed scrolls of scare monster an uncursed scroll of stinking cloud an uncursed scroll of teleportation an uncursed scroll of water an uncursed spellbook of cause fear an uncursed spellbook of magic missile an uncursed potion of gain energy 2 uncursed potions of healing an uncursed potion of polymorph an uncursed potion of sickness a cursed potion of sickness a blessed potion of speed Spells and supernatural/magical abilities: Name Level Category Fail Memory W - pray for help -- divine ? -- Your skills at the end: Miscellaneous Skills wands [Basic] Weapon Skills dagger [Skilled] short sword [Basic] Spellcasting Skills healing spells [Basic] Final Attributes: You were piously aligned. You saw invisible. You had infravision. You were displaced. You were stealthy. You were protected from shape changers. You are dead. Vanquished creatures: 2 leprechauns a rock mole a yellow light a violet fungus a straw golem 7 giant ants 3 little dogs 2 floating eyes a kobold shaman 2 iguanas a hill orc a giant bat 3 orc zombies 8 killer bees a gas spore 2 hobbits an acid blob 2 geckos 3 giant rats 3 cave spiders 2 yellow molds 2 red molds 10 manes a gnome zombie 4 jackals 4 foxes a kobold 5 newts 3 sewer rats 7 grid bugs 3 bats 5 lichens 2 kobold zombies 95 creatures vanquished. Voluntary challenges: You followed a strict vegan diet. You did not adorn yourself with jewelry or accessories. You used a wielded weapon 135 times, starting on turn 113. You did not apply a unicorn horn. You read items or engraved 7 times, starting on turn 2651. You never genocided any monsters. You never polymorphed an object. You never changed form. You used no wishes. You never split a pudding. You wrote Elbereth's name 1 time, starting on turn 2871. You never violated your personal moral code. Dungeon overview: The Dungeons of Doom: levels 1 to 8 Level 1 a long staircase Level 2 a general store, some fountains Level 3 a general store Level 4 a long staircase Level 5 some fountains Level 6 Level 7 a fountain Level 8 <- You were here many fountains History has recorded: On T:1 you entered the Dungeons of Doom to retrieve the Amulet of Yendor! On T:315 you reached level 2 of The Dungeons of Doom. On T:686 you advanced to experience level 2. On T:940 you advanced to experience level 3. On T:989 you reached level 3 of The Dungeons of Doom. On T:1646 you reached level 4 of The Dungeons of Doom. On T:1778 you advanced to experience level 4. On T:2083 you reached level 6 of The Dungeons of Doom. On T:2571 you reached level 5 of The Dungeons of Doom. On T:2575 you advanced to experience level 5. On T:3318 you reached level 7 of The Dungeons of Doom. On T:3521 you advanced to experience level 6. On T:3861 you reached level 8 of The Dungeons of Doom. On T:4017 you advanced to experience level 7. On T:4018 you received advice from The Oracle. On T:4018 you advanced to experience level 8. Score breakdown: Gold: 1322 ( 132 points) Experience: 8 levels ( 700 points) Exploration: 8 levels ( 210 points) Discoveries: 1 item ( 50 points) Variety of kills: 33 monsters ( 1650 points) Major goal: (nothing yet) ( 0 points) Survival: died (score multiplied by 3) Total score: 8226 Latest messages: You displace God. You see here a statue of a plains centaur. (2x) You see here a statue of a mountain centaur. You displace God. You stop exploring. The giant ant bites! You stab the giant ant. The giant ant bites! You stab the giant ant! The giant ant bites! (2x) You kill the giant ant! You see here a statue of a forest centaur. You displace God. You stop exploring. You displace God. (3x) You see here a statue of a plains centaur. You hear the splashing of a naiad. You stab the leocrotta. The leocrotta claws you! The leocrotta bites! The leocrotta claws you! (2x) The leocrotta bites! The leocrotta claws you! (2x) The leocrotta bites! The leocrotta claws you! (2x) You die... Final status: Goodbye Celery the Rogue, killed by a leocrotta... You died in The Dungeons of Doom on dungeon level 8 with 8226 points, and 1322 pieces of gold, after 4144 moves. You were level 8 with a maximum of 61 hit points when you died.